 Dungeon Crawl Stone Soup version 0.28.0-43-g3370ac3207 (webtiles) character file.

Game seed: 10982097646533661303

79 cbfl8 the Sneak (level 4, -8/40 HPs)
             Began as a Minotaur Delver on Feb 28, 2022.
             Mangled by an ogre
             ... wielding a +0 giant club
              (16 damage)
             ... on level 3 of the Dungeon.
             The game lasted 00:05:20 (2882 turns).

cbfl8 the Sneak (Minotaur Delver)                   Turns: 2882, Time: 00:05:20

Health: -8/40      AC:  6    Str: 18    XL:     4   Next: 16%
Magic:  12/12      EV: 10    Int: 13    God:
Gold:   69         SH:  0    Dex: 12    Spells: 3/3 levels left

rFire   . . .      SeeInvis .   h - +3 quarterstaff
rCold   . . .      Faith    .   (shield currently unavailable)
rNeg    . . .      Spirit   .   n - +0 scale mail
rPois   .          Reflect  .   (helmet restricted)
rElec   .          Harm     .   (no cloak)
rCorr   .          Rampage  .   (no gloves)
Will    .....                   (no boots)
Stlth   +.........              (no amulet)
HPRegen 0.13/turn               l - +6 ring of intelligence
MPRegen 0.13/turn               q - ring of magical power

@: no status effects
A: horns 2, retaliatory headbutt
a: no special abilities


You were on level 3 of the Dungeon.
You visited 1 branch of the dungeon, and saw 5 of its levels.

You collected 69 gold pieces.

Inventory:

Hand Weapons
 a - a +0 hand axe
 h - a +3 quarterstaff (weapon)
 r - a +1 vorpal mace
Armour
 b - a +0 leather armour
 n - a +0 scale mail (worn)
Jewellery
 l - a +6 ring of intelligence (left hand)
 q - a ring of magical power (right hand)
Wands
 g - a wand of digging (3)
Scrolls
 c - a scroll of fog
 d - a scroll of magic mapping
 e - a scroll of fear
 i - a scroll of vulnerability {unknown}
 j - a scroll of enchant weapon {unknown}
 m - a scroll of enchant armour {unknown}
 p - a scroll of amnesia {unknown}
 s - a scroll of noise {unknown}
Potions
 f - 3 potions of haste
 k - 2 potions of cancellation {unknown}
 o - a potion of brilliance {unknown}


   Skills:
 + Level 4.1 Fighting
 + Level 2.4 Axes
 + Level 2.4 Staves
 + Level 1.3 Armour
 + Level 2.4 Dodging
 + Level 4.6 Stealth


You had 3 spell levels left.
You didn't know any spells.
Your spell library contained the following spells:

 Spells                   Type           Power      Damage    Failure   Level
 Chain Lightning          Conj/Air       0%         N/A       100%        9
 Fire Storm               Conj/Fire      0%         5d1       100%        9
 Shatter                  Erth           0%         3d5*      100%        9


Dungeon Overview and Level Annotations

Branches:
Dungeon (5/15)
 Temple: D:4-7

Altars:


Innate Abilities, Weirdness & Mutations

You have a pair of horns on your head.
You reflexively headbutt those who attack you in melee.


Message History

Things that are here:
a +1 vorpal mace; an orc corpse You start resting.
HP restored.
You start resting.
Magic restored.
r - a +1 vorpal mace You see here an adder corpse.
Things that are here:
a +0 hand axe; an orc corpse You see here a +0 dagger.
Things that are here:
a +0 hand axe; an orc corpse
Found a scroll labelled XECLEC TYTI.
Found 12 gold pieces.
Found an escape hatch in the ceiling.
You now have 61 gold pieces (gained 12).
A rat comes into view.
s - a scroll labelled XECLEC TYTI You see here 8 gold pieces.
You sock the rat!
You kill the rat!
You see here a rat corpse.
You now have 69 gold pieces (gained 8).
Found 14 stones.
An ogre comes into view. It is wielding a +0 giant club.
Found a spear.
The ogre shouts!
Found 10 gold pieces.
The ogre hits you with a +0 giant club!
You barely miss the ogre.
You headbutt the ogre, but do no damage.
The ogre hits you with a +0 giant club!
* * * LOW HITPOINT WARNING * * *
You thump the ogre! You headbutt the ogre!
The ogre is severely wounded.
You barely miss the ogre.
The ogre is severely wounded.
The ogre hits you with a +0 giant club!
You die...

###..#...#...# ..#.[
##..#...#...#...#...#
#.#...#...#...#...#..
#...#...#...#..
#.#...#..(#...#
....#...#...#..
#.#...#...#...#
#...#...#...#..
#.#...#@..#...#
....#..O#...#..
..#...#...#...#
....#...#...#.$ ..#..
#)..#.. # . ..# ..#
..# .# .. #.. #.. ..
## ..# .# ##


You could see an ogre.

Vanquished Creatures
  3 adders
  2 dart slugs (D:2)
  3 orcs (D:3)
  4 bats
  2 endoplasms (D:1)
  A giant cockroach (D:1)
  6 goblins
  A hobgoblin (D:2)
  2 jackals (D:1)
  4 kobolds
  2 quokkas
  7 ball pythons
  4 frilled lizards
  5 rats
46 creatures vanquished.

Notes
Turn   | Place    | Note
-------+----------+-------------------------------------------
     0 | D:5      | cbfl8 the Minotaur Delver began the quest for the Orb.
     0 | D:5      | Reached XP level 1. HP: 19/19 MP: 0/0
     7 | D:5      | Noticed a phantom
    28 | D:4      | Reached XP level 2. HP: 19/27 MP: 1/1
   878 | D:1      | Reached skill level 1 in Staves
   976 | D:1      | Reached XP level 3. HP: 33/33 MP: 2/2
  2141 | D:2      | Reached skill level 1 in Armour
  2723 | D:3      | Reached XP level 4. HP: 33/40 MP: 3/3
  2876 | D:3      | Noticed an ogre
  2882 | D:3      | Mangled by an ogre

Illustrated notes

Levels and vault maps discovered:
D:1:      saegor_arrival_simple_b, layout_loops_ring, serial_co_window_serial,
          co_window_paths_a, co_window_of_opportunity_a, co_window_corner_a,
          co_window_paths_b, co_window_corner_a, co_window_corner_cb,
          co_window_corner_b, co_window_of_opportunity_b, co_window_broadway_c,
          co_window_broadway_c, co_window_unsneaky_path_b, glass_columns_c,
          glass_columns_b, glass_columns_c, dk_noncrumbling_3,
          chequers_serial_rivers_micro_d
D:2:      layout_basic, serial_rivers, chequers_serial_rivers_small_b,
          chequers_serial_rivers_micro_e, chequers_serial_rivers_small_b,
          chequers_serial_rivers_micro_a, chequers_serial_rivers_large_b,
          chequers_serial_rivers_small_a, grunt_decor_cap
D:3:      layout_loops_ring, dreamdust_ecumenical_altar_hidden_monk_grotto,
          hex_large, uniq_grinder
D:4:      layout_rooms, serial_rivers, chequers_serial_rivers_room_a,
          chequers_serial_rivers_micro_b, chequers_serial_rivers_micro_c,
          chequers_serial_rivers_large_a, chequers_serial_rivers_small_b
D:5:      layout_cave_pools, serial_shops, shop

Skill      XL: |  1  2  3 |
---------------+----------+-----
Staves         | 1 2 |  2.4
Fighting       | 4 |  4.1
Armour         | 1 |  1.3
Axes           | |  2.4
Dodging        | |  2.4
Stealth        | |  4.6

Action                   |  1- 3 |  4- 6 || total
-------------------------+-------+-------++-------
Melee: Quarterstaff      |    70 |     5 ||    75
       Headbutt          |     6 |     3 ||     9
 Stab: Sleeping          |     5 |       ||     5
Armor: Leather armour    |     8 |       ||     8
       Scale mail        |    31 |       ||    31
Dodge: Dodged            |    41 |       ||    41
